cohdb
Replays
Latest Replays
All Replays
Popular Replays
Top Player Replays
Match Explorer
How It Works
Community
CoH3 Stats
Reddit
Sign in to upload your games and track your stats! →
Sign in with Steam
Match 42559938
Unlisted
Match 42559938
Overview
Messages
Build Orders
End
Royal Engineer Section
Construct Section Command Post
Dingo Light Scout Car
Dingo Light Scout Car
Dingo Light Scout Car
Construct Platoon Command Post
Humber Armored Car
Humber Armored Car
Royal Engineer Section
6-pounder Anti-tank Gun Team
Construct Company Command Post
CMP 15cwt Truck
Crusader II Medium Tank
Crusader II Medium Tank
Selects Australian Defense Battlegroup
Selects Australian Light Infantry Section
Selects Defensive Tactics
Selects Vehicle Over Repair
Crusader II Medium Tank
Selects CMP 15cwt Supply Run
CMP 15cwt Supply Run
Selects Reinforced Resource Caches
Selects Charged Creeping Barrage
Crusader II Medium Tank
Charged Creeping Barrage
Pixel
MERCENARYCORPS
Exf
Gravey
Sol Invictus
XinLuh69
tony
Pugipa
0
0
Comments
sign in to comment!
No comments posted yet!